 Dungeon Crawl Stone Soup version 0.17-a0-1534-gf98da79 (webtiles) character file.

1849 Lathuz the Basher (level 8, -4/64 HPs)
             Began as a Minotaur Berserker on July 16, 2015.
             Was an Elder of Trog.
             Killed from afar by namelastname112's ghost (14 damage)
             ... with a bolt of negative energy
             ... on level 6 of the Dungeon on July 17, 2015.
             The game lasted 00:22:41 (5632 turns).

Lathuz the Basher (Minotaur Berserker)              Turns: 5632, Time: 00:22:41

Health: -4/64      AC: 12    Str: 23    XL:     8   Next: 88%
Magic:  7/7        EV:  4    Int:  4    God:    Trog [****..]
Gold:   363        SH:  9    Dex: 11    Spells: 0 memorised, 7 levels left

rFire  . . .     SeeInvis .     E - +2 morningstar (curse)
rCold  . . .     Clarity  +     g - +0 plate armour
rNeg   . . .     SustAt   .     s - +0 shield
rPois  +         Gourm    .     (helmet restricted)
rElec  .         Spirit   .     (no cloak)
rCorr  .         Warding  .     t - +0 pair of gloves
rMut   .         Rnd*Tele +     (no boots)
MR     .....                    m - amulet of clarity
Stlth  ..........               C - ring of teleportation (curse)
                                d - ring of poison resistance

@: exhausted, about to teleport, slowed, heavily drained, very slow, not
resistant to hostile enchantments, extremely unstealthy
A: retaliatory headbutt, horns 2
a: Burn Spellbooks, Berserk, Trog's Hand, Brothers in Arms, Renounce Religion,
Evoke Teleportation


You were on level 6 of the Dungeon.
You worshipped Trog.
Trog was greatly pleased with you.
You were very hungry.

You visited 1 branch of the dungeon, and saw 6 of its levels.
You also visited: Sewer.

You collected 363 gold pieces.

Inventory:

Hand weapons
 a - a +1 mace
 y - a +0 flail
 E - a cursed +2 morningstar (weapon)
 M - a +0 dire flail
Missiles
 j - 130 stones (quivered)
 w - 19 poisoned bolts
Armour
 g - a +0 plate armour (worn)
 i - a +0 pair of gloves
 s - a +0 shield (worn)
 t - a +0 pair of gloves (worn)
Jewellery
 d - a ring of poison resistance (left hand)
 h - an uncursed amulet of inaccuracy
 m - an amulet of clarity (around neck)
 r - an uncursed ring of fire
 C - a cursed ring of teleportation (right hand)
Scrolls
 e - 6 scrolls of identify
 f - a scroll of magic mapping {unknown}
 l - a scroll of teleportation
 o - a scroll of enchant armour {unknown}
 p - 2 scrolls of recharging
 q - 2 scrolls of noise {unknown}
 A - a scroll of blinking {unknown}
 F - 3 scrolls of remove curse
Potions
 b - 2 potions of curing {unknown}
 k - a potion of might
 n - 3 potions of lignification {unknown}
 u - a potion of heal wounds {unknown}
 x - a potion of berserk rage {unknown}
 z - a potion of resistance {unknown}
 I - a potion of poison {unknown}
 J - 2 potions of degeneration {unknown}
 L - 2 potions of brilliance {unknown}
Books
 D - a book of Flames

   Spells                             Type                      Level
   a - Flame Tongue                   Conjuration/Fire             1
   b - Throw Flame                    Conjuration/Fire             2
   c - Conjure Flame                  Conjuration/Fire             3
   d - Inner Flame                    Hexes/Fire                   3
   e - Sticky Flame                   Conjuration/Fire             4
   f - Fireball                       Conjuration/Fire             5
   Trog disapproves of the use of such an item.
Comestibles
 c - 2 bread rations
 v - 4 chunks of flesh
 B - a beef jerky
 G - a meat ration
 H - a slice of pizza
 K - 2 royal jellies


   Skills:
 - Level 3.6(1.5) Fighting
 - Level 12.1(9.6) Maces & Flails
 + Level 4.3(2.2) Armour
 - Level 2.1(0.2) Dodging
 + Level 5.6(3.4) Shields


You had 7 spell levels left.
You didn't know any spells.

Dungeon Overview and Level Annotations

Branches:
Dungeon (6/15)             Temple (0/1) D:5

Altars:
Ashenzari
Cheibriados
Kikubaaqudgha
Okawaru
Ru
Sif Muna
Zin

Annotations:
D:6 namelastname112's ghost, experienced DrFE


Innate Abilities, Weirdness & Mutations

You reflexively headbutt those who attack you in melee.
You have a pair of horns on your head.


Message History

You block namelastname112's ghost's attack.
Namelastname112's ghost hits you. The goblin hits you but does no damage.
You miss namelastname112's ghost.
Your headbutt misses namelastname112's ghost.
Namelastname112's ghost is almost destroyed.
Namelastname112's ghost breathes negative energy at you.
The bolt of negative energy hits you!
You feel drained.
* * * LOW HITPOINT WARNING * * *
The goblin hits you but does no damage.
Read which item? (? for menu, Esc to quit)
As you read the scroll of teleportation, it crumbles to dust.
You feel strangely unstable.
You block namelastname112's ghost's attack.
The goblin hits you but does no damage.
Namelastname112's ghost hits you but does no damage.
The goblin hits you but does no damage.
Namelastname112's ghost breathes negative energy at you.
The bolt of negative energy misses the goblin.
The bolt of negative energy hits you!
You feel drained.
You die...

### #.# ##.# ##..#
##..## ####
###...####..##
###)...........#
#..Wg@..........#
#...)............#
#.................#
#.(.####..........##
#...# #.........##
...# #........###
..# .......[.# ..
####...##


You could see namelastname112's ghost and a goblin.

Vanquished Creatures
  Menkaure (D:4)
  Purgy (Sewer)
  A phantom (D:6)
  A black bear (D:5)
  A centaur (D:5)
  An orc warrior (D:6)
  3 ogres
  A giant frog (D:6)
  2 scorpions
  3 wights (D:4)
  2 jellies
  A crimson imp (D:5)
  A hound (D:4)
  A giant frog skeleton (D:3)
  3 orc priests
  Ijyb (D:3)
  3 centaur skeletons
  An iguana (D:4)
  2 orc wizards
  3 worker ants (D:4)
  A hound skeleton (D:5)
  A hound zombie (D:5)
  3 gnolls (D:3)
  7 adders
  3 adder skeletons
  2 worms
  11 orcs
  15 bats
  2 bat skeletons (D:4)
  3 giant cockroaches
  15 hobgoblins
  16 jackals
  8 kobolds
  4 giant geckos
  A giant gecko skeleton (D:5)
  A giant gecko zombie (D:5)
  6 giant newts
  9 goblins
  3 quokkas
  A quokka skeleton (D:4)
  15 rats
160 creatures vanquished.

Notes
Turn   | Place    | Note
--------------------------------------------------------------
     0 | D:1      | Lathuz the Minotaur Berserker began the quest for the Orb.
     0 | D:1      | Reached XP level 1. HP: 19/19 MP: 0/0
   133 | D:1      | Reached skill level 4 in Maces & Flails
   232 | D:1      | Reached XP level 2. HP: 26/26 MP: 1/1
   596 | D:2      | Reached skill level 1 in Shields
   669 | D:2      | Found a snail-covered altar of Cheibriados.
   669 | D:2      | Found a shattered altar of Ashenzari.
   682 | D:2      | Found a deep blue altar of Sif Muna.
   765 | D:2      | Reached XP level 3. HP: 28/31 MP: 2/2
   798 | D:2      | Reached skill level 5 in Maces & Flails
   885 | D:2      | Acquired Trog's second power
  1113 | D:2      | Reached XP level 4. HP: 39/39 MP: 3/3
  1358 | D:2      | Found a sacrificial altar of Ru.
  1644 | D:3      | Upgraded the game from 0.17-a0-1533-g2f57bce to 0.17-a0-1534-gf98da79
  1840 | D:3      | Reached skill level 6 in Maces & Flails
  1840 | D:3      | Reached XP level 5. HP: 45/45 MP: 4/4
  1939 | D:3      | Found a glowing drain.
  1947 | Sewer    | Entered a sewer
  2021 | Sewer    | Noticed Purgy
  2032 | Sewer    | Killed Purgy
  2032 | Sewer    | Reached skill level 7 in Maces & Flails
  2203 | D:3      | Reached XP level 6. HP: 51/51 MP: 5/5
  2418 | D:3      | Found an iron altar of Okawaru.
  2433 | D:3      | Noticed Ijyb
  2442 | D:3      | Killed Ijyb
  3039 | D:4      | Found an iron altar of Okawaru.
  3128 | D:4      | Reached skill level 8 in Maces & Flails
  3163 | D:4      | Reached XP level 7. HP: 20/57 MP: 6/6
  3494 | D:4      | Reached skill level 9 in Maces & Flails
  3565 | D:4      | Acquired Trog's third power
  4103 | D:4      | Noticed Menkaure
  4110 | D:4      | Killed Menkaure
  4110 | D:4      | Reached skill level 10 in Maces & Flails
  4401 | D:5      | Entered Level 5 of the Dungeon
  4602 | D:5      | Reached XP level 8. HP: 62/64 MP: 7/7
  4736 | D:5      | Reached skill level 11 in Maces & Flails
  4989 | D:5      | Found a staircase to the Ecumenical Temple.
  5265 | D:6      | Reached skill level 12 in Maces & Flails
  5380 | D:6      | Found an ancient bone altar of Kikubaaqudgha.
  5388 | D:6      | Reached skill level 5 in Shields
  5455 | D:6      | Found a glowing silver altar of Zin.
  5601 | D:6      | Noticed namelastname112's ghost (experienced DrFE)
  5632 | D:6      | Killed from afar by namelastname112's ghost

Vault maps used:
D:1:      scummos_arrival_simple_crosswalls, minivault_24
D:2:      minmay_door_path, hangedman_ru_absence, grunt_temple_overflow_open,
          first_bread
D:3:      lightli_sewer_entry_pipes, okawaru_gym_becter, uniq_iyjb
D:4:      kennysheep_flooded_box, uniq_menkaure
D:5:      black_bear_nest_2, minmay_temple_entry_from_below_a,
          minmay_door_square
D:6:      kiku_gazebo_garden_becter, zin_academy, water_maze_lemuel,
          uniq_sigmund, uniq_pikel
Sewer:    sewer_big_baddie

Action                   |  1- 3 |  4- 6 |  7- 9 || total
-------------------------+-------+-------+-------++-------
Melee: Mace              |   112 |   124 |       ||   236
       Flail             |       |    50 |       ||    50
       Morningstar       |       |     7 |   162 ||   169
Throw: Stone             |       |    41 |   107 ||   148
Invok: Berserk           |       |     5 |     2 ||     7
  Use: Scroll            |       |     4 |     2 ||     6
  Eat: Chunk             |     1 |     6 |     4 ||    11
       Bread ration      |       |     1 |     1 ||     2
       Pizza             |       |       |     1 ||     1
